 Dungeon Crawl Stone Soup version 0.25.1-2-g60ff931df9 (webtiles) character file.

Game seed: 2232767959028895538

153 Inchmeat the Chopper (level 5, -5/42 HPs)
             Began as a Hill Orc Gladiator on Nov 23, 2020.
             Slain by Neccalli's ghost (6 damage)
             ... on level 3 of the Dungeon.
             The game lasted 00:02:56 (3186 turns).

Inchmeat the Chopper (Hill Orc Gladiator)           Turns: 3186, Time: 00:02:56

Health: -5/42      AC:  5    Str: 18    XL:     5   Next: 35%
Magic:  5/5        EV: 12    Int:  8    God:
Gold:   106        SH:  0    Dex: 12    Spells: 4/4 levels left

rFire    . . .     SeeInvis .   a - +0 war axe
rCold    . . .     Gourm    .   (no shield)
rNeg     . . .     Faith    .   b - +0 leather armour
rPois    .         Spirit   .   c - +0 helmet
rElec    .         Reflect  .   (no cloak)
rCorr    .         Harm     .   (no gloves)
MR       .....                  t - +0 pair of boots
Stlth    +.........             (no amulet)
HPRegen  0.14/turn              (no ring)
MPRegen  0.09/turn              (no ring)

@: no status effects
A: no striking features
a: no special abilities


You were on level 3 of the Dungeon.
You were not hungry.

You visited 1 branch of the dungeon, and saw 3 of its levels.

You collected 106 gold pieces.

Inventory:

Hand Weapons
 a - a +0 war axe (weapon)
 m - a +1 whip of venom
Missiles
 d - 4 throwing nets (quivered)
 e - 125 arrows
Armour
 b - a +0 leather armour (worn)
 c - a +0 helmet (worn)
 p - a +0 buckler
 t - a +0 pair of boots (worn)
Scrolls
 g - a scroll of enchant weapon {unknown}
 h - a scroll of remove curse {unknown}
 i - 2 scrolls of enchant armour {unknown}
 l - a scroll of random uselessness {unknown}
 n - a scroll of immolation {unknown}
 r - a scroll of teleportation {unknown}
 v - a scroll of identify {unknown}
Potions
 j - a potion of degeneration {unknown}
 k - 2 potions of curing {unknown}
 o - a potion of ambrosia {unknown}
 q - a potion of mutation {unknown}
 s - a potion of invisibility {unknown}
Comestibles
 f - 4 rations
 u - 3 chunks of flesh


   Skills:
 - Level 2.4 Fighting
 + Level 7.8 Axes
 - Level 1.7 Throwing
 - Level 2.4 Dodging


You had 4 spell levels left.
You didn't know any spells.
Your spell library was empty.

Dungeon Overview and Level Annotations

Branches:
Dungeon (3/15)

Altars:
Ashenzari
Dithmenos
Nemelex Xobeh
Vehumet

Annotations:
D:3 Neccalli's ghost, amateur OpTm


Message History

Neccalli's ghost hits ye.
Ye barely miss Neccalli's ghost.
Neccalli's ghost be almost destroyed.
Neccalli's ghost barely misses ye.
Ye miss Neccalli's ghost.
Neccalli's ghost be almost destroyed.
Neccalli's ghost hits ye!
* * * LOW HITPOINT WARNIN'
* * * Neccalli's ghost closely misses ye.
Ye closely miss Neccalli's ghost.
Neccalli's ghost be almost destroyed.
Neccalli's ghost closely misses ye.
Ye closely miss Neccalli's ghost.
Neccalli's ghost be almost destroyed.
Neccalli's ghost hits ye.
* * * LOW HITPOINT WARNIN'
* * * Ye barely miss Neccalli's ghost.
Neccalli's ghost be almost destroyed.
Neccalli's ghost hits ye.
Ye die...

#.#.# #...# ##...
....# #...# ......
....######...##.##.##.
#.#.#..)...........# .
#.#..>....)....#...#
#.###............. #
######...##.#####...
#............#
#.#.###@## .
#...###W###[.!.
#...........#
##.###'''#### #####
#.#.(....♣#
......##.#....!..#
#.....<.#..(....#
...##.####.....(♣# #
#.(.(...#


You could see Neccalli's ghost.

Vanquished Creatures
  4 gnolls
  4 adders (D:2)
  3 worms (D:2)
  4 dart slugs
  2 leopard geckos
  2 giant cockroaches
  8 goblins
  10 hobgoblins
  4 kobolds
  2 quokkas (D:2)
  2 ball pythons (D:1)
  7 bats
  3 frilled lizards
  7 rats
62 creatures vanquished.

Vanquished Creatures (others)
  A worker ant (D:2)
1 creature vanquished.

Grand Total: 63 creatures vanquished

Notes
Turn   | Place    | Note
-------+----------+-------------------------------------------
     0 | D:1      | Inchmeat the Hill Orc Gladiator began the quest for the
                  | Orb.
     0 | D:1      | Reached XP level 1. HP: 18/18 MP: 1/1
   117 | D:1      | Reached XP level 2. HP: 25/25 MP: 2/2
   263 | D:1      | Reached skill level 5 in Axes
   475 | D:1      | Reached XP level 3. HP: 30/30 MP: 3/3
   569 | D:1      | Found a sparkling altar of Nemelex Xobeh.
  1276 | D:1      | Reached skill level 6 in Axes
  1319 | D:1      | Reached XP level 4. HP: 29/37 MP: 4/4
  1624 | D:2      | Found a shattered altar of Ashenzari.
  1789 | D:2      | Found a radiant altar of Vehumet.
  1860 | D:2      | Reached skill level 7 in Axes
  1979 | D:2      | Reached XP level 5. HP: 31/42 MP: 5/5
  3048 | D:3      | Found a shadowy altar of Dithmenos.
  3142 | D:3      | Found a runed translucent gate.
  3142 | D:3      | Found a runed translucent gate.
  3142 | D:3      | Found a runed translucent gate.
  3142 | D:3      | Noticed Neccalli's ghost (amateur OpTm)
  3185 | D:3      | HP: 1/42 [Neccalli's ghost (5)]
  3186 | D:3      | Slain by Neccalli's ghost

Illustrated notes

Levels and vault maps discovered:
D:1:      wander_arrival_fairy_ring, layout_loops_corners,
          nemelex_diamond_rough_becter
D:2:      layout_basic, fiery_altar_vehumet, evilmike_ruin_ashenzari
D:3:      layout_loops_cross, zin_treasury, lemuel_doored_altar,
          ebering_ghost_rock_garden, first_ration

Skill      XL: |  1  2  3  4 |
---------------+-------------+-----
Axes           | 5 6 7 |  7.8
Fighting       | |  2.4
Throwing       | |  1.7
Dodging        | |  2.4

Action                   |  1- 3 |  4- 6 || total
-------------------------+-------+-------++-------
Melee: War axe           |    70 |   127 ||   197
Throw: Throwing net      |     1 |       ||     1
  Eat: Chunk             |     1 |     6 ||     7
Armor: Leather armour    |    31 |    43 ||    74
Dodge: Dodged            |    55 |    76 ||   131
